 Dungeon Crawl Stone Soup version 0.27-a0-1324-ge0d8e047f6 (webtiles) character file.

Game seed: 6389834258620102712

119 avis the Insei (level 4, -4/36 HPs)
             Began as a Draconian Transmuter on June 24, 2021.
             Slain by a goblin (18 damage)
             ... led by Robin
             ... on level 2 of the Dungeon.
             The game lasted 00:07:10 (2307 turns).

avis the Insei (Draconian Transmuter)               Turns: 2307, Time: 00:07:10

Health: -4/36      AC:  2    Str: 12    XL:     4   Next: 74%
Magic:  4/7        EV: 19    Int: 14    God:
Gold:   108        SH:  0    Dex: 17    Spells: 1/7 levels left

rFire    . . .     SeeInvis .     - Unarmed
rCold    . . .     Faith    .   (shield currently unavailable)
rNeg     . . .     Spirit   .   (armour unavailable)
rPois    x         Reflect  .   (helmet currently unavailable)
rElec    .         Harm     .   (cloak currently unavailable)
rCorr    .         Rampage  .   (gloves currently unavailable)
Will     +....                  (boots currently unavailable)
Stlth    ++........             (no amulet)
HPRegen  0.12/turn              i - ring of willpower
MPRegen  0.10/turn              (no ring)

@: spider-form (expiring)
A: venomous fangs, AC +5, tiny, unfitting armour, (cold-blooded)
a: End Transformation


You were on level 2 of the Dungeon.
You were a venomous arachnid creature.
You visited 1 branch of the dungeon, and saw 3 of its levels.

You collected 108 gold pieces.

Inventory:

Hand Weapons
 a - a +1 whip of freezing (melded)
 l - a +1 dagger of flaming
Missiles
 f - 53 stones
 h - 15 arrows
Jewellery
 i - a ring of willpower (left front leg)
Scrolls
 b - a scroll of noise {unknown}
 c - a scroll of enchant weapon {unknown}
 d - a scroll of fear {unknown}
 j - a scroll of enchant armour {unknown}
Potions
 e - a potion of attraction {unknown}
 g - 2 potions of mutation {unknown}
 k - a potion of might {unknown}


   Skills:
 - Level 2.0 Fighting
 - Level 2.0 Dodging
 + Level 3.3 Unarmed Combat
 - Level 2.0 Spellcasting
 - Level 3.0 Transmutations
 * Level 2.9 Poison Magic


You had one spell level left.
You knew the following spells:

 Your Spells              Type           Power      Damage    Failure   Level
a - Beastly Appendage     Tmut           18%        N/A       19%         1
b - Wereblood             Tmut           9%         N/A       26%         2
p - Spider Form           Tmut/Pois      4%         N/A       43%         3

Your spell library contained the following spells:

 Spells                   Type           Power      Damage    Failure   Level
 Ice Form                 Ice/Tmut       5%         N/A       90%         4


Dungeon Overview and Level Annotations

Branches:
Dungeon (3/15)

Altars:

Annotations:
D:3 Robin


Innate Abilities, Weirdness & Mutations

You are a venomous arachnid creature.
You have poisonous fangs.
You are tiny and dextrous.
Your spellcasting is less reliable in this form.
Your armour is entirely melded.
You are incapable of wielding weapons or throwing items.
((Your plain brown scales are hard. (AC +5)))
You cannot fit into any form of body armour.
((You are cold-blooded and may be slowed by cold attacks.))


Message History

You kill the goblin!
Your transformation is almost over.
Things that are here:
a +0 club; a goblin corpse
There is a stone staircase leading down here.
Things that are here:
a +0 dagger; a goblin corpse
There is a stone staircase leading down here.
You start resting.
Your transformation has ended.
Your +1 whip of freezing unmelds from your body.
Your +1 whip of freezing glows with a cold blue light!
You start resting.
HP restored.
You start resting.
Magic restored.
Casting: Spider Form (quite dangerous; 22% risk of failure)
Confirm with . or Enter, or press ? or * to list all spells.
The spell is quite dangerous to cast (22% risk of failure)!
Continue anyway?
You turn into a venomous arachnid creature.
Your +1 whip of freezing melds into your body.
Your +1 whip of freezing stops glowing.
You climb downwards.
Level annotation: Robin Robin throws the goblin at you!
The goblin unwields a +0 hunting sling.
The goblin wields a +2 dagger of electrocution.
You hear the crackle of electricity.
The goblin misses you.
There is a stone staircase leading up here.
The goblin misses you.
The goblin hits you with a +2 dagger of electrocution.
You are electrocuted!
You climb upwards.
Your transformation is almost over.
There is a stone staircase leading down here.
You barely miss the goblin. The goblin completely misses you.
The goblin hits you with a +2 dagger of electrocution.
You are electrocuted!!
Ouch! That really hurt!
You die...

###.# ##########
#...#########........###
#.####..)..............##
###....#.##................
#.........#................
#.........#................
#.......))#................
#........g#................
###.........s)...............
###..........†g#.#.............
#..............#.#....###......
#..............#.####.# #......
#..............#....#.# #......
#..............#....'.###......
#....###.......#....###.....##.
#....##........#....###.....##.
#....##......#.....^...........


You could see 2 goblins.

Vanquished Creatures
  A hound (D:2)
  3 adders
  3 worms (D:2)
  A dart slug (D:1)
  2 ball pythons
  3 endoplasms
  A giant cockroach (D:1)
  8 goblins
  4 hobgoblins
  5 jackals (D:2)
  4 kobolds
  3 quokkas
  7 bats
  A frilled lizard (D:1)
  2 rats (D:2)
48 creatures vanquished.

Notes
Turn   | Place    | Note
-------+----------+-------------------------------------------
     0 | D:1      | avis the Draconian Transmuter began the quest for the Orb.
     0 | D:1      | Reached XP level 1. HP: 16/16 MP: 3/3
   158 | D:1      | Found a faded altar of an unknown god.
   426 | D:1      | Reached XP level 2. HP: 24/24 MP: 1/5
   873 | D:2      | Reached XP level 3. HP: 26/29 MP: 4/6
   876 | D:2      | Learned a level 2 spell: Wereblood
   885 | D:2      | Learned a level 3 spell: Spider Form
  1040 | D:2      | Reached skill level 1 in Poison Magic
  1102 | D:2      | Reached XP level 4. HP: 26/36 MP: 5/7
  1917 | D:3      | Noticed Robin
  2307 | D:2      | Slain by a goblin

Illustrated notes

Levels and vault maps discovered:
D:1:      erik_arrival_orb_chamber, layout_loops_ring,
          ebering_ecumenical_altar_mist
D:2:      layout_basic, minmay_door_square
D:3:      layout_rooms, amcnicky_altar_gilded, led_sif_book, uniq_natasha,
          uniq_grinder, uniq_robin

Skill      XL: |  1  2  3  4 |
---------------+-------------+-----
Dodging        | 2 |  2.0
Fighting       | 2 |  2.0
Transmutations | 3 |  3.0
Poison Magic   | 1 2 |  2.9
Unarmed Combat | |  3.3
Spellcasting   | |  2.0

Action                   |  1- 3 |  4- 6 || total
-------------------------+-------+-------++-------
Melee: Unarmed           |    18 |     5 ||    23
       Kick              |    12 |     8 ||    20
       Whip              |    41 |    56 ||    97
       Headbutt          |    10 |     4 ||    14
       Tailslap          |     4 |     3 ||     7
 Cast: Beastly Appendage |    17 |    11 ||    28
       Spider Form       |       |     3 ||     3
 Stab: Sleeping          |     1 |       ||     1
Armor: Skin              |    16 |    31 ||    47
Dodge: Dodged            |    34 |    55 ||    89

Table legend: (Time is in decaauts)
 A = Elapsed time spent in this place.
 B = Non-inter-level travel time spent in this place.
 C = Inter-level travel time spent in this place.
 D = Time resting spent in this place.
 E = Time spent auto-exploring this place.
 F = Levels seen in this place.
 G = Mean time per level.
                   A        B        C        D        E       F      G
               +--------+--------+--------+--------+--------+-----+--------+
         Total |   2322 |   2254 |     68 |    772 |   1059 |   3 |  774.0 |
       Dungeon |   2322 |   2254 |     68 |    772 |   1059 |   3 |  774.0 |
               +--------+--------+--------+--------+--------+-----+--------+

Top non-repeatable levels by time:
     D:2: 1367 daAuts
     D:1: 865 daAuts
     D:3: 89 daAuts
